 Dungeon Crawl Stone Soup version 0.31-a0-1612-g4aaf141004 (webtiles) character file.

Game seed: 18081219284756561272

140 Inarius the Ducker (level 5, -1/36 HPs)
             Began as an Octopode Fighter on Jan 9, 2024.
             Slain by Pikel
             ... wielding a +2 whip of freezing
              (5 damage)
             ... on level 4 of the Dungeon.
             The game lasted 00:01:56 (1919 turns).

Inarius the Ducker (Octopode Fighter)               Turns: 1919, Time: 00:01:58

Health: -1/36      AC:  1    Str: 17    XL:     5   Next: 22%
Magic:  5/5        EV: 13    Int: 11    God:
Gold:   317        SH:  4    Dex: 11    Spells: 4/4 levels left

rFire   . . .        a - +0 war axe
rCold   . . .        b - +0 buckler
rNeg    . . .        (helmet restricted)
rPois   .            (no amulet)
rElec   .            (no ring)
rCorr   .            (no ring)
SInv    .            (no ring)
Will    .....        (no ring)
Stlth   +++          (no ring)
HPRegen 0.26/turn    (no ring)
MPRegen 0.09/turn    (no ring)
                     (no ring)

%: no passive effects
@: mighty
A: almost no armour, amphibious, 8 rings, camouflage 1, gelatinous body 1,
(nimble swimmer 1), tentacles
a: no special abilities


You were on level 4 of the Dungeon.
You visited 1 branch of the dungeon, and saw 4 of its levels.

You collected 317 gold pieces.

Inventory:

Hand Weapons
 a - a +0 war axe (weapon)
Missiles
 f - a throwing net (quivered)
Armour
 b - a +0 buckler (worn)
Scrolls
 d - 2 scrolls of enchant weapon
 e - a scroll of noise {unknown}
 g - a scroll of amnesia {unknown}
 j - a scroll of silence {unknown}
 k - a scroll of identify
 l - a scroll of enchant armour {unknown}
 m - 2 scrolls of teleportation {unknown}
 n - a scroll of vulnerability {unknown}
 p - a scroll of immolation {unknown}
Potions
 h - 2 potions of haste {unknown}
 i - 2 potions of curing
 o - a potion of brilliance {unknown}


   Skills:
 + Level 3.5 Fighting
 + Level 3.3 Axes
 + Level 3.6 Dodging
 + Level 2.4 Stealth
 + Level 3.6 Shields


You had 4 spell levels left.
You didn't know any spells.
Your spell library contained the following spells:

 Spells                   Type           Power      Damage    Failure   Level
 Ensorcelled Hibernation  Hex/Ice        0%         N/A       56%         2
 Passwall                 Erth           0%         N/A       80%         3
 Swiftness                Air            0%         N/A       80%         3


Dungeon Overview and Level Annotations

Branches:
Dungeon (4/15)
 Temple: D:4-7

Altars:
Hepliaklqana

Annotations:
D:4 Pikel


Innate Abilities, Weirdness & Mutations

You cannot wear most types of armour.
You are amphibious.
You can wear up to eight rings at the same time.
Your skin changes colour to match your surroundings (Stealth+).
Your rubbery body absorbs attacks. (AC +1, EV +1)
((You are camouflaged when in or above water. (Stealth+)))
You have tentacles for arms and can constrict up to eight enemies at once.


Message History

The lemure hits you!
You barely miss the lemure. Your grab misses the lemure.
The lemure is lightly wounded.
The lemure hits you!
* * * LOW HITPOINT WARNING * * *
Pikel says, "I'm sure they'll be treated well, anyway."
The lemure misses you.
You closely miss the lemure. You grab the lemure.
The lemure is lightly wounded.
You constrict the lemure. You block the lemure's attack.
You barely miss the lemure.
The lemure is lightly wounded.
You constrict the lemure. The lemure misses you.
Unknown command.
It was a potion of curing.
You feel better.
You constrict the lemure. You block the lemure's attack.
As you read the scroll labelled JOAMINWEAPS, it crumbles to dust.
It is a scroll of identify.
d - 2 scrolls of enchant weapon You constrict the lemure.
The lemure closely misses you.
You hit the lemure.
The lemure is severely wounded.
You constrict the lemure. The lemure barely misses you.
You lose your grip on the lemure.
You closely miss Pikel. Your grab misses Pikel. You squeeze Pikel!
Pikel is moderately wounded.
You block Pikel's attack.
You closely miss Pikel. You grab Pikel.
Pikel is moderately wounded.
You constrict Pikel.
Pikel hits you with a +2 whip of freezing.
Pikel freezes you.
You hit Pikel.
Pikel is heavily wounded.
You constrict Pikel.
Pikel hits you with a +2 whip of freezing!
* * * LOW HITPOINT WARNING * * *
Pikel freezes you.
You die...
Pikel says, "Another soul for the market."

########## ######. #.^......#
....... #.######.# .....K5
#.#.. .#.# ......5 #.#.##.#.#
....... #.#.#..#.# .......
#.#.#..#.#
.....5.#############.#.#.##.#
....?...55g55K@......#....#.#
################..........#.#
#<..#.#######....#
####.#.#..)....####
###....#.###.###.#
#......#.....# #.#
#.#.##.####### #.# #.#..#.#
#.# #.#.##.# #.#


You could see Pikel, 4 lemures and a goblin.

Vanquished Creatures
  Terence (D:2)
  An iguana (D:3)
  4 adders
  A dart slug (D:3)
  4 endoplasms
  3 giant cockroaches
  5 goblins
  2 hobgoblins
  4 jackals (D:3)
  5 quokkas
  7 ball pythons
  6 bats
  5 kobolds
  2 rats
50 creatures vanquished.

Notes
Turn   | Place    | Note
-------+----------+-------------------------------------------
     0 | D:1      | Inarius the Octopode Fighter began the quest for the Orb.
     0 | D:1      | Reached XP level 1. HP: 16/16 MP: 1/1
   217 | D:1      | Reached XP level 2. HP: 21/21 MP: 2/2
   380 | D:1      | Found a faded altar of an unknown god.
   634 | D:2      | Reached XP level 3. HP: 23/26 MP: 3/3
   652 | D:2      | Noticed Terence
   658 | D:2      | Killed Terence
   659 | D:2      | Reached skill level 1 in Stealth
   662 | D:2      | Reached XP level 4. HP: 30/31 MP: 4/4
  1070 | D:3      | Found a hazy altar of Hepliaklqana.
  1106 | D:3      | Reached XP level 5. HP: 33/36 MP: 5/5
  1900 | D:4      | Noticed a lemure
  1900 | D:4      | Noticed a lemure
  1901 | D:4      | Noticed Pikel
  1901 | D:4      | Noticed a lemure
  1901 | D:4      | Noticed a lemure
  1919 | D:4      | Slain by Pikel

Illustrated notes

Levels and vault maps discovered:
D:1:      giann_forest_graveyard, layout_basic,
          shapermc_ecumenical_altar_mp_ritualfount
D:2:      layout_rooms, kennysheep_nondescript, uniq_terence
D:3:      layout_loops_cross, mainiacjoe_overflow_alcove_1,
          grunt_decor_arrowhead, dreamdust_wishing_well, serial_park_tiny_1,
          minmay_quantized
D:4:      layout_basic, gammafunk_ghost_mausoleum, kennysheep_generic_room_15,
          uniq_pikel

Skill      XL: |  1  2  3  4 |
---------------+-------------+-----
Stealth        | 1 2 |  2.4
Axes           | 3 |  3.3
Fighting       | |  3.5
Dodging        | |  3.6
Shields        | |  3.6

Action                     |  1- 3 |  4- 6 || total
---------------------------+-------+-------++-------
  Melee: War axe           |    35 |    63 ||    98
         Tentacles         |     5 |    13 ||    18
         Constrict         |     8 |    16 ||    24
    Use: Potion            |       |     2 ||     2
         Scroll            |       |     1 ||     1
   Stab: Sleeping          |     6 |     6 ||    12
 Armour: Skin              |    15 |    31 ||    46
  Dodge: Dodged            |    25 |    48 ||    73
  Block: Buckler           |     9 |    14 ||    23

Table legend: (Time is in decaauts)
 A = Elapsed time spent in this place.
 B = Non-inter-level travel time spent in this place.
 C = Inter-level travel time spent in this place.
 D = Time resting spent in this place.
 E = Time spent auto-exploring this place.
 F = Levels seen in this place.
 G = Mean time per level.
                   A        B        C        D        E       F      G
               +--------+--------+--------+--------+--------+-----+--------+
         Total |   1958 |   1901 |     57 |     68 |   1468 |   4 |  489.5 |
       Dungeon |   1958 |   1901 |     57 |     68 |   1468 |   4 |  489.5 |
               +--------+--------+--------+--------+--------+-----+--------+

Top non-repeatable levels by time:
     D:3: 868 daAuts
     D:2: 498 daAuts
     D:1: 462 daAuts
     D:4: 129 daAuts
